Map: Emerald City LE

Players

Massa - Winner!

  • Race: Terran Terran
  • League: Gold
  • Spawn Location: 5:00

qqq - Winner!

  • Race: Zerg Zerg
  • League: Platinum
  • Spawn Location: 5:00

Polomar

  • Race: Zerg Zerg
  • League: Platinum
  • Spawn Location: 11:00

Biofoxikc

  • Race: Protoss Protoss
  • League: Platinum
  • Spawn Location: 11:00

VOD

Have the link to the VOD?

Description

Time

  • Played on: May 28, 2020, 9:47 a.m.
  • Length: 8:27
Show
View Real Time Build Order
Export as new Build Order

Massa Terran - Winner!

Build Orders:  

Get SALT Encoding   

  12  0:07  SCV  
  13  0:19  SCV, Supply Depot  
  14  0:31  SCV  
  15  0:43  SCV  
  15  0:45  Barracks  
  16  1:06  SCV  
  17  1:18  SCV, Barracks  
  17  1:25  Refinery  
  18  1:30  SCV  
  18  1:32  Marine, Supply Depot  
  20  1:42  SCV  
  21  1:54  SCV  
  22  2:07  SCV  
  23  2:15  Marine x2  
  24  2:19  SCV  
  26  2:33  Marine  
  27  2:41  Barracks  
  27  2:43  Orbital Command, Barracks  
  26  2:48  Marine  
  26  2:50  Marine  
  28  2:53  Factory  
  28  3:06  Marine  
  28  3:08  Marine  
  30  3:24  Marine  
  31  3:32  Supply Depot  
  31  3:34  Supply Depot  
  31  3:38  Marine  
  32  3:42  Marine, Command Center  
  32  3:44  Factory Tech Lab, Marine x2  
  35  3:56  Supply Depot  
  35  4:01  Supply Depot  
  35  4:07  Marine x2  
  35  4:09  Marine  
  38  4:20  Siege Tank  
  38  4:23  Marine  
  42  4:26  Marine  
  42  4:48  Marine x4  
  37  5:05  Marine  
  37  5:06  Marine x3  
  38  5:12  SCV  
  38  5:13  SCV  
  39  5:23  Marine x2  
  39  5:24  SCV, Marine  
  39  5:25  SCV  
  40  5:28  Siege Tank  
  43  5:43  Marine x2  
  43  5:44  Marine x2  
  45  6:01  Marine x3  
  45  6:02  Marine  
  48  6:19  Marine x4  
  48  6:23  SCV  
  53  6:31  SCV  
  54  6:35  SCV  
  54  6:37  Marine x4  
  54  6:38  Engineering Bay  
  59  6:43  SCV  
  60  6:48  SCV  
  61  6:54  Barracks, Marine  
  61  6:55  Marine x3  
  61  6:58  Armory  
  61  7:00  SCV  
  66  7:12  SCV, Marine x2  
  66  7:13  Marine x2  
  65  7:30  Marine x3  
  65  7:31  Marine  
  69  7:48  Marine x4  
  65  8:06  Marine x4  
Show
View Real Time Build Order
Export as new Build Order

qqq Zerg - Winner!

Build Orders: Hatch First 

Get SALT Encoding   

  12  0:02  Drone  
  13  0:09  Drone  
  14  0:36  Hatchery  
  13  0:51  Spawning Pool  
  12  0:59  Overlord  
  12  1:03  Drone  
  13  1:07  Drone  
  14  1:17  Drone  
  14  1:18  Extractor  
  14  1:35  Drone  
  14  1:39  Queen  
  15  1:46  Drone  
  18  1:52  Drone  
  19  2:00  Drone  
  20  2:04  Drone  
  20  2:05  Drone  
  22  2:14  Drone  
  22  2:15  Drone, Queen  
  24  2:18  Overlord  
  26  2:28  Queen  
  28  2:36  Zergling x2  
  29  2:40  Metabolic Boost  
  29  2:42  Zergling x2  
  30  2:47  Zergling x2, Baneling Nest  
  30  2:50  Zergling x2  
  31  2:54  Drone  
  31  2:57  Zergling x2  
  33  3:00  Zergling x2  
  33  3:02  Drone  
  35  3:14  Zergling x2  
  35  3:15  Overlord  
  35  3:16  Overlord  
  36  3:28  Overlord  
  36  3:38  Zergling x2  
  36  3:39  Zergling x10  
  36  3:40  Zergling x2  
  43  3:43  Baneling x3  
  43  3:45  Baneling  
  43  3:46  Baneling  
  43  3:47  Baneling  
  43  3:48  Baneling  
  43  3:50  Zergling x2  
  44  4:15  Zergling x6  
  47  4:17  Zergling x2  
  47  4:22  Zergling x4  
  50  4:28  Zergling x2  
  51  4:38  Hatchery  
  47  4:51  Zergling x2  
  47  4:52  Zergling x8  
  43  4:53  Zergling x8  
  44  5:03  Zergling x4  
  46  5:09  Zergling x2  
  46  5:10  Zergling x2  
  41  5:30  Baneling x2  
  41  5:33  Zergling x8  
  42  5:41  Zergling x6  
  42  5:42  Zergling x6  
  41  5:49  Zergling x2  
  40  5:50  Zergling x4  
  41  6:02  Zergling x6  
  40  6:24  Lair  
  41  6:25  Zergling x4  
  41  6:27  Drone  
  41  6:28  Drone x2, Zergling x8  
  41  6:30  Queen  
  51  6:35  Baneling x5  
  51  6:44  Zergling x4  
  51  6:45  Zergling x2  
  51  6:46  Zergling x2  
  48  7:13  Zergling x4  
  48  7:14  Zergling x6  
  48  7:15  Zergling x14  
  50  7:16  Zergling x2  
  49  7:50  Roach Warren  
  44  7:58  Infestation Pit  
  44  8:00  Drone x3  
  44  8:01  Zergling x2  
  44  8:02  Zergling x10  
  44  8:03  Evolution Chamber  
  50  8:06  Evolution Chamber  
Show
View Real Time Build Order
Export as new Build Order

Polomar Zerg 

Build Orders: Hatch First 

Get SALT Encoding   

  12  0:02  Drone  
  13  0:13  Overlord  
  13  0:17  Drone  
  14  0:31  Drone  
  14  0:32  Drone  
  16  0:51  Hatchery  
  16  0:54  Drone  
  16  0:56  Drone  
  17  1:00  Drone  
  18  1:11  Extractor  
  18  1:16  Spawning Pool  
  16  1:19  Drone  
  16  1:22  Drone  
  18  1:29  Drone  
  19  1:49  Drone  
  19  1:54  Overlord  
  20  2:04  Zergling x4  
  20  2:06  Queen x2  
  26  2:14  Drone  
  27  2:16  Drone  
  27  2:19  Metabolic Boost  
  28  2:24  Drone  
  28  2:25  Drone  
  30  2:44  Hatchery  
  30  2:50  Baneling Nest  
  28  2:54  Drone x2  
  28  2:55  Drone  
  28  2:56  Drone  
  32  2:59  Drone  
  32  3:02  Drone  
  34  3:16  Zergling x4  
  36  3:25  Overlord x2  
  35  3:35  Lair  
  34  3:46  Queen  
  34  3:47  Roach Warren  
  35  3:49  Drone x5  
  35  3:51  Baneling  
  35  3:52  Baneling x2  
  35  3:54  Baneling  
  40  4:01  Drone x4  
  44  4:23  Zergling x4  
  44  4:24  Zergling x4  
  50  4:36  Zergling x2  
  50  4:37  Zergling x12  
  49  4:53  Zergling x2  
  49  4:54  Zergling x4  
  52  5:04  Overlord  
  51  5:28  Hatchery, Zergling x6  
  41  5:44  Zergling x10  
  41  6:19  Zergling x6  
  41  6:20  Zergling x6  
  47  6:27  Zergling x8  
  47  6:30  Overlord x2  
  51  6:47  Centrifical Hooks  
  51  6:49  Baneling x3  
  51  6:50  Baneling x2, Zergling x2  
  51  6:51  Zergling x10, Evolution Chamber x2  
  55  6:58  Roach x3  
  55  6:59  Roach x3  
  54  7:20  Zergling x2  
  54  7:21  Zergling x10  
  54  7:31  Zergling x4  
  56  7:39  Zergling x4  
  40  7:52  Zergling x4  
  37  8:06  Zergling x4  
  37  8:07  Zergling x8  
Show
View Real Time Build Order
Export as new Build Order

Biofoxikc Protoss 

Build Orders: Zealot Archon 

Get SALT Encoding   

  12  0:01  Probe (Chrono Boost)  
  13  0:10  Probe (Chrono Boost)  
  14  0:15  Probe (Chrono Boost)  
  15  0:28  Pylon  
  15  0:36  Assimilator  
  15  0:46  Probe  
  15  0:47  Gateway  
  16  0:59  Probe (Chrono Boost)  
  17  1:12  Gateway  
  17  1:15  Probe (Chrono Boost)  
  17  1:17  Assimilator  
  18  1:20  Probe (Chrono Boost)  
  19  1:30  Probe  
  20  1:34  Cybernetics Core  
  20  1:37  Pylon  
  20  1:43  Probe  
  21  1:55  Probe  
  22  2:07  Probe  
  25  2:17  Adept (Chrono Boost)  
  25  2:25  Probe  
  25  2:26  Warp Gate (Chrono Boost)  
  25  2:28  Nexus  
  26  2:38  Probe  
  27  2:45  Pylon, Adept  
  29  2:51  Probe  
  30  2:58  Pylon  
  30  3:03  Adept  
  32  3:06  Probe  
  33  3:14  Twilight Council  
  33  3:17  Adept  
  35  3:20  Probe  
  36  3:32  Robotics Facility  
  36  3:35  Adept  
  36  3:40  Probe  
  39  3:41  Probe  
  40  3:50  Resonating Glaives (Chrono Boost)  
  40  3:55  Probe x2  
  42  4:10  Adept  
  42  4:15  Probe x2  
  46  4:18  Assimilator  
  46  4:21  Adept  
  46  4:22  Assimilator  
  48  4:29  Gateway  
  42  5:01  Adept  
  42  5:02  Adept  
  44  5:22  Warp Prism (Chrono Boost)  
  44  5:23  Adept x2  
  50  5:33  Probe x2  
  52  5:37  Templar Archives  
  52  5:45  Probe  
  53  5:56  Adept x3  
  49  6:26  Adept  
  49  6:27  Adept x2  
  49  6:28  Probe  
  56  6:42  Gateway  
  56  6:44  Pylon  
  56  6:45  Nexus  
  56  6:46  Pylon x2  
  56  6:47  Pylon  
  56  6:49  Psionic Storm, Pylon  
  56  6:53  High Templar x3  
  62  6:58  Gateway  
  62  7:08  Archon  
  48  7:26  High Templar x2  
  52  7:33  Archon  
  52  7:35  Zealot  
  50  7:55  Adept x3  
  54  8:10  Zealot x2  
  45  8:18  Adept x3  
Tags
 
Add a new tag
Caveats
  • Supply blocks, unpowered buildings, or Contaminate may cause inaccurate times.
  • Supply counts are checked every 10 seconds.